 Dungeon Crawl Stone Soup version 0.26.1-11-gd32895ea62 (webtiles) character file.

Game seed: 12505446798258779984

5161 Zeld the Cruncher (level 10, -2/55 (60) HPs)
             Began as an Octopode Gladiator on May 22, 2021.
             Was a Believer of Okawaru.
             Slain by a death yak (20 damage)
             ... on level 9 of the Dungeon.
             The game lasted 00:16:07 (15708 turns).

Zeld the Cruncher (Octopode Gladiator)             Turns: 15708, Time: 00:16:08

HP:   -2/55 (60)    AC:  3    Str: 16    XL:     10   Next: 59%
MP:   10/10         EV: 14    Int: 11    God:    Okawaru [**....]
Gold: 1156          SH:  0    Dex: 14    Spells: 9/9 levels left

rFire    . . .     SeeInvis .   a - +6 quarterstaff
rCold    . . .     Faith    .   (shield currently unavailable)
rNeg     . . .     Spirit   .   b - +2 hat
rPois    .         Reflect  .   (no amulet)
rElec    .         Harm     .   (no ring)
rCorr    .         Rampage  .   (no ring)
Will     .....                  (no ring)
Stlth    ++........             (no ring)
HPRegen  0.18/turn              (no ring)
MPRegen  0.12/turn              (no ring)
                                (no ring)
                                (no ring)

@: drained
A: almost no armour, stealthy swim, amphibious, 8 rings, constrict 8, camouflage
1, gelatinous body 1
a: Renounce Religion, Heroism


You were on level 9 of the Dungeon.
You worshipped Okawaru.
Okawaru was pleased with you.
You visited 2 branches of the dungeon, and saw 10 of its levels.
You also visited: Bailey.

You collected 1156 gold pieces.

Inventory:

Hand Weapons
 a - a +6 quarterstaff (weapon)
Missiles
 c - 3 throwing nets
 g - 6 silver javelins
 h - 50 boomerangs
 n - 40 poisoned darts (quivered)
 y - 7 silver boomerangs
Armour
 b - a +2 hat (worn)
Scrolls
 k - 2 scrolls of teleportation
 l - 5 scrolls of remove curse
 p - a scroll of amnesia {unknown}
 r - 3 scrolls of magic mapping
 t - a scroll of enchant armour
Potions
 d - 6 potions of curing
 e - 5 potions of berserk rage
 f - 2 potions of mutation {unknown}
 i - 5 potions of heal wounds {unknown}
 j - 6 potions of flight {unknown}
 m - 2 potions of haste {unknown}
 o - 2 potions of might {unknown}
 q - 3 potions of brilliance {unknown}
 v - a potion of lignification {unknown}
 w - a potion of magic {unknown}
 x - a potion of resistance {unknown}
 z - a potion of experience {unknown}


   Skills:
 - Level 2.0 Fighting
 - Level 14.0 Staves
 * Level 6.0 Throwing
 - Level 3.0 Dodging


You had 9 spell levels left.
You didn't know any spells.
Your spell library contained the following spells:

 Spells                   Type           Power        Failure   Level
 Passwall                 Tmut/Erth      0%           47%         2
 Swiftness                Air            0%           47%         2
 Passage of Golubria      Tloc           N/A          98%         4
 Lee's Rapid Deconstruct  Erth           0%           100%        5
 Invisibility             Hex            0%           100%        6


Dungeon Overview and Level Annotations

Branches:
Dungeon (9/15)             Temple (1/1) D:6            Lair (0/6) D:9
 Bailey (visited)
    Orc: D:9-12

Altars:
Ashenzari
Cheibriados
Dithmenos
Elyvilon
Fedhas
Gozag
Hepliaklqana
Kikubaaqudgha
Makhleb
Nemelex Xobeh
Okawaru
Qazlal
Ru
Sif Muna
Trog
Uskayaw
Vehumet
Wu Jian
Xom
Yredelemnul
Zin
The Shining One

Annotations:
D:5 1 runed translucent door


Innate Abilities, Weirdness & Mutations

You cannot wear most types of armour.
You are very stealthy in the water. (Stealth+)
You are amphibious.
You can wear up to eight rings at the same time.
You can use your tentacles to constrict eight enemies at once.
Your skin changes colour to match your surroundings (Stealth+).
Your rubbery body absorbs attacks. (AC +1, EV +1)


Message History

You are too injured to fight recklessly!
You throw a poisoned dart. The poisoned dart hits the death yak!
The death yak looks even sicker.
The death yak is heavily wounded.
You see here a poisoned dart.
The death yak looks more healthy.
Throw: 41 darts (poison)
Press: ? - help, Q - select action, (/) - cycle Shift-Dir - straight line, f/p - death yak
Aim: a death yak (severely wounded, 80% to hit)
You throw a poisoned dart. The poisoned dart hits the death yak.
The death yak is poisoned.
The death yak is severely wounded.
The death yak gores you!!
* * * LOW HITPOINT WARNING * * *
You see here a poisoned dart.
The death yak looks more healthy.
As you read the scroll of fear, it crumbles to dust.
You assume a fearsome visage.
The death yak resists with some effort.
The death yak gores you!!
You die...

^.........###..#.#.#####..####...
.........## #.......##...........
.......[.#####...#......(...#...#
.........##..#..(##.......#...###
..........#......##(......#...##
..........#......#.........[...#
##........#..##..#.............#
##............#..#.............#
.#.......##.#...@##........#####
##.....>.####....Y.........#
.##.....####.....).......).##
.#.........#....<...........##
.#...........................#
..#.#...†..............).....#
#...#.......................##
##....##.....#######...#.#.##
#......#.....# #..######


You could see a death yak.

Vanquished Creatures
  An orc warlord (Bailey)
  Erica (D:8)
  An orc knight (Bailey)
  Grinder (D:3)
  A slime creature (D:8)
  Menkaure (D:5)
  2 sky beasts
  3 orc warriors
  2 black bears
  An ice beast (D:6)
  2 ogres (D:7)
  2 centaurs
  A big kobold (D:7)
  A bullfrog (D:7)
  A gnoll sergeant (D:6)
  A scorpion (D:4)
  2 howler monkeys (D:7)
  A centaur zombie (D:5)
  3 orc priests
  2 hounds
  A jelly (D:9)
  2 bullfrog skeletons (D:5)
  Jessica (D:3)
  2 hell rats
  2 iguanas (D:5)
  7 worker ants
  An orc wizard (D:9)
  A hound skeleton (D:6)
  2 worker ant zombies
  Robin (D:4)
  6 adders
  12 gnolls
  A howler monkey skeleton (D:8)
  2 river rats (D:9)
  A white imp (D:7)
  An ufetubus (D:6)
  An ooze (D:1)
  4 worms
  8 leopard geckos
  20 orcs
  7 giant cockroaches
  9 hobgoblins
  16 jackals
  25 kobolds
  3 quokkas
  7 bats
  4 frilled lizards
  18 goblins
  2 leopard gecko zombies (D:5)
  9 rats
206 creatures vanquished.

Vanquished Creatures (others)
  A fungus (D:2)
1 creature vanquished.

Grand Total: 207 creatures vanquished

Notes
Turn   | Place    | Note
-------+----------+-------------------------------------------
     0 | D:1      | Zeld the Octopode Gladiator began the quest for the Orb.
     0 | D:1      | Reached XP level 1. HP: 14/14 MP: 1/1
    33 | D:1      | Reached XP level 2. HP: 9/19 MP: 2/2
   548 | D:1      | Reached skill level 4 in Staves
   548 | D:1      | Reached XP level 3. HP: 18/24 MP: 3/3
  2446 | D:2      | Reached XP level 4. HP: 29/29 MP: 4/4
  2690 | D:2      | Reached skill level 5 in Staves
  2915 | D:3      | Found a sacrificial altar of Ru.
  3213 | D:3      | Noticed Jessica
  3213 | D:3      | Noticed Grinder
  3227 | D:3      | Killed Jessica
  3228 | D:3      | Reached XP level 5. HP: 19/34 MP: 5/5
  3473 | D:3      | Killed Grinder
  3474 | D:3      | Reached skill level 7 in Staves
  3474 | D:3      | Reached XP level 6. HP: 27/39 MP: 6/6
  4829 | D:4      | Noticed Robin
  5061 | D:4      | Killed Robin
  5393 | D:5      | Entered Level 5 of the Dungeon
  5492 | D:5      | Reached XP level 7. HP: 45/45 MP: 7/7
  6072 | D:4      | Reached skill level 8 in Staves
  6542 | D:5      | Found a white marble altar of Elyvilon.
  6542 | D:5      | Found a runed translucent door.
  6542 | D:5      | Noticed an angel
  6741 | D:5      | Noticed Menkaure
  6754 | D:5      | Killed Menkaure
  7485 | D:6      | Found a staircase to the Ecumenical Temple.
  7492 | Temple   | Entered the Ecumenical Temple
  7507 | Temple   | Became a worshipper of Warmaster Okawaru
  7718 | D:6      | Reached skill level 9 in Staves
  8089 | D:6      | Reached XP level 8. HP: 50/50 MP: 8/8
  9345 | D:6      | Reached skill level 10 in Staves
  9829 | D:7      | Found a shimmering altar of Xom.
  9830 | D:7      | Found a shimmering altar of Xom.
  9832 | D:7      | Found a shimmering altar of Xom.
  9833 | D:7      | Found a shimmering altar of Xom.
 10200 | D:7      | Reached * piety under Okawaru
 10735 | D:7      | Reached skill level 11 in Staves
 11124 | D:7      | Reached XP level 9. HP: 50/54 MP: 9/9
 11582 | D:8      | Found a flagged portal.
 11658 | Bailey   | Entered a bailey
 11663 | Bailey   | Noticed an orc warlord
 11704 | Bailey   | Reached skill level 12 in Staves
 12298 | Bailey   | Found a runed translucent gate.
 12304 | Bailey   | Found a runed translucent gate.
 12305 | Bailey   | Found a runed translucent gate.
 12314 | Bailey   | Noticed an orc knight
 12337 | Bailey   | Killed an orc knight
 12597 | Bailey   | Killed an orc warlord
 12597 | Bailey   | Reached ** piety under Okawaru
 12597 | Bailey   | Reached *** piety under Okawaru
 12598 | Bailey   | Reached skill level 14 in Staves
 12598 | Bailey   | Reached XP level 10. HP: 30/60 MP: 10/10
 12795 | Bailey   | Identified a scroll of acquirement
 12806 | D:8      | Acquired 564 gold pieces
 13690 | D:8      | Noticed Erica
 13706 | D:8      | Killed Erica
 13706 | D:8      | Received a gift from Okawaru
 13707 | D:8      | Reached skill level 5 in Throwing
 13938 | D:9      | Noticed a death yak
 14620 | D:9      | Found a staircase to the Lair.
 14655 | D:9      | Noticed a death yak
 15041 | D:9      | Noticed a death yak
 15708 | D:9      | Slain by a death yak

Illustrated notes

Levels and vault maps discovered:
D:1:      onia_arrival_pentagram, layout_basic, minmay_3d_cube
D:2:      layout_loops_corners, minmay_misc_feat_plants
D:3:      layout_basic, general_overflow_altar, uniq_jessica, uniq_grinder
D:4:      kennysheep_goblin_castle, layout_rooms, uniq_robin
D:5:      kennysheep_six_static_rooms, layout_layer_cave, lemuel_angel_altar,
          uniq_menkaure
D:6:      layout_rooms, minmay_temple_entry_drinking_statues,
          hangedman_abyss_or_decor_lesser_grid
D:7:      layout_basic, chequers_decorated_corner, xom_redecorated
D:8:      layout_rooms, enter_bailey_8, kennysheep_generic_room_9, uniq_erica
D:9:      lemuel_upstairs_altar, layout_cave_pools, dpeg_lair_monsters
Temple:   minmay_crystal_snake_temple

Skill      XL: |  1  2  3  4  5  6  7  8  9 10 |
---------------+-------------------------------+-----
Staves         | 4 5 7 9 11 14 | 14.0
Throwing       | 6 |  6.0
Fighting       | |  2.0
Dodging        | |  3.0

Action                   |  1- 3 |  4- 6 |  7- 9 | 10-12 || total
-------------------------+-------+-------+-------+-------++-------
Melee: Quarterstaff      |    77 |    99 |   212 |    95 ||   483
       Constrict         |    16 |    21 |    47 |    20 ||   104
       Tentacles         |     6 |    19 |    40 |    19 ||    84
       Punch             |       |       |       |     1 ||     1
Throw: Dart              |       |       |    26 |    27 ||    53
Invok: Heroism           |       |       |       |     1 ||     1
Evoke: Wand              |       |       |    11 |       ||    11
  Use: Scroll            |       |    11 |     9 |    13 ||    33
 Stab: Sleeping          |     3 |     7 |     2 |     1 ||    13
       Distracted        |       |     1 |     1 |     1 ||     3
Armor: Skin              |    13 |     9 |    21 |     7 ||    50
Dodge: Dodged            |    87 |    71 |   156 |    51 ||   365
